 Dungeon Crawl Stone Soup version 0.22-a0-422-g9628fc8 (webtiles) character file.

34436 Mgcat the Cleaver (level 13, -15/100 HPs)
             Began as a Gnoll Wanderer on May 20, 2018.
             Was a High Priest of Sif Muna.
             Demolished by an entropy weaver
             ... wielding a +0 morningstar of protection
              (16 damage)
             ... on level 4 of the Lair of Beasts.
             The game lasted 00:52:00 (20188 turns).

Mgcat the Cleaver (Gnoll Wanderer)                 Turns: 20188, Time: 00:52:01

Health: -15/100    AC:  1    Str: 25    XL:     13   Next: 77%
Magic:  0/25       EV: 15    Int: 14    God:    Sif Muna [*****.]
Gold:   731        SH:  6    Dex: 15    Spells: 21/28 levels left

rFire    . . .     SeeInvis .   j - +0 war axe
rCold    . . .     Gourm    .   P - +0 buckler
rNeg     . . .     Faith    .   a - +2 scale mail
rPois    +         Spirit   +   k - +2 helmet
rElec    .         Reflect  .   I - scarf {Spirit}
rCorr    .         Harm     .   (no gloves)
MR       .....                  w - +2 pair of boots
Stlth    +++.......             L - amulet of regeneration {+regen, !d}
HPRegen  0.66/turn              o - ring of wizardry {Wiz+, !d}
MPRegen  0.19/turn              y - ring of poison resistance {rPois, !d}

@: mighty, corroded
A: distributed training, fangs 1, strong nose
a: Divine Energy, Channel Magic, Forget Spell, Renounce Religion


You were on level 4 of the Lair of Beasts.
You worshipped Sif Muna.
Sif Muna was extremely pleased with you.
You were not hungry.

You visited 2 branches of the dungeon, and saw 15 of its levels.

You collected 731 gold pieces.

Inventory:

Hand Weapons
 b - a +3 hand axe
 j - a +0 war axe (weapon)
   (You took it off an orc warrior on level 11 of the Dungeon)
 J - a +2 whip of flaming
   (You took it off Pikel on level 8 of the Dungeon)
Missiles
 z - 371 stones (quivered)
Armour
 a - a +2 scale mail (worn)
 k - a +2 helmet (worn)
   (You took it off Robin on level 2 of the Dungeon)
 l - a +0 plate armour
   (You took it off an orc warrior on level 11 of the Dungeon)
 w - a +2 pair of boots (worn)
   (You found it on level 6 of the Dungeon)
 I - a scarf of spirit shield (worn)
   (You found it on level 2 of the Lair of Beasts)
 P - a +0 buckler (worn)
   (You found it on level 2 of the Lair of Beasts)
Magical Staves
 m - an uncursed staff of cold {rC+}
   (You took it off Fannar on level 11 of the Dungeon)
 v - an uncursed staff of death {rN+}
   (You found it on level 4 of the Dungeon)
Jewellery
 o - a ring of wizardry (left hand) {Wiz+, !d}
   (You found it on level 3 of the Dungeon)
 x - a +3 amulet of reflection
   (You found it on level 2 of the Lair of Beasts)
 y - a ring of poison resistance (right hand) {rPois, !d}
   (You found it on level 7 of the Dungeon)
 A - a +2 ring of dexterity
   (You found it on level 8 of the Dungeon)
 L - an amulet of regeneration (around neck) {+regen, !d}
   (You found it on level 2 of the Lair of Beasts)
Wands
 q - a wand of digging (8)
   (You took it off Jessica on level 3 of the Dungeon)
 s - a wand of polymorph (39)
   (You found it on level 3 of the Dungeon)
 B - a wand of acid (10)
   (You found it on level 7 of the Dungeon)
 E - a wand of enslavement (14)
   (You found it on level 7 of the Dungeon)
 G - a wand of iceblast (19)
   (You found it on level 8 of the Dungeon)
 R - a wand of paralysis (12)
   (You found it on level 3 of the Lair of Beasts)
Scrolls
 e - 16 scrolls of remove curse
 i - 2 scrolls of amnesia
 p - 2 scrolls of immolation {!r}
 r - 3 scrolls of magic mapping {!r}
 t - 6 scrolls of identify
 u - 3 scrolls of fog
 H - a scroll of teleportation
 K - a scroll of fear {unknown}
 M - a scroll of acquirement {unknown}
 T - a scroll of holy word {unknown}
Potions
 c - a potion of lignification {!q}
 g - 2 potions of mutation {!q}
 h - a potion of resistance {unknown}
 F - a potion of flight
 N - 2 potions of berserk rage {!q}
Comestibles
 d - 22 rations
 n - 3 chunks of flesh {@w0}


   Skills:
 + Level 8.9 Fighting
 + Level 8.4 Short Blades
 + Level 8.4 Long Blades
 + Level 11.7 Axes
 + Level 8.4 Maces & Flails
 + Level 8.4 Polearms
 + Level 8.4 Staves
 + Level 8.4 Slings
 + Level 8.4 Bows
 + Level 8.4 Crossbows
 + Level 8.9 Throwing
 + Level 10.6 Armour
 + Level 8.4 Dodging
 + Level 8.8 Stealth
 + Level 8.4 Shields
 + Level 8.4 Unarmed Combat
 + Level 8.4 Spellcasting
 + Level 7.0 Conjurations
 + Level 7.0 Hexes
 + Level 7.0 Charms
 + Level 7.0 Summonings
 + Level 7.0 Necromancy
 + Level 7.0 Translocations
 + Level 7.0 Transmutations
 + Level 7.0 Fire Magic
 + Level 7.0 Ice Magic
 + Level 7.0 Air Magic
 + Level 7.0 Earth Magic
 + Level 7.0 Poison Magic
 + Level 9.2 Invocations
 + Level 8.4 Evocations


You had 21 spell levels left.
You knew the following spells:

 Your Spells              Type           Power        Failure   Level  Hunger
a - Sandblast             Erth           ####..       1%          1    None
b - Stone Arrow           Conj/Erth      ####..       1%          3    ##.....
c - Regeneration          Chrm/Necr      ####......   1%          3    ##.....

Your spell library contained the following spells:

 Spells                   Type           Power        Failure   Level  Hunger
 Confuse                  Hex            ####....     1%          3    ##.....
 Throw Frost              Conj/Ice       ####..       1%          2    None
 Animate Dead             Necr           N/A          5%          4    ####...
 Pain                     Necr           ####         1%          1    None
 Animate Skeleton         Necr           N/A          1%          1    None
 Vampiric Draining        Necr           ####......   1%          3    ##.....
 Spider Form              Tmut/Pois      ####......   1%          3    ##.....
 Blade Hands              Tmut           ####......   16%         5    #####..
 Ice Form                 Ice/Tmut       ####....     5%          4    ####...
 Throw Icicle             Conj/Ice       ####....     5%          4    ####...
 Confusing Touch          Hex            ####..       1%          1    None
 Passwall                 Tmut/Erth      ####......   1%          2    None
 Sticks to Snakes         Tmut           ####....     1%          2    None
 Ensorcelled Hibernation  Hex/Ice        ####..       1%          2    None
 Metabolic Englaciation   Hex/Ice        ####......   16%         5    #####..
 Lee's Rapid Deconstruct  Erth           ####......   16%         5    #####..
 Excruciating Wounds      Chrm/Necr      ####......   16%         5    #####..
 Petrify                  Tmut/Erth      ####....     5%          4    ####...
 Beastly Appendage        Tmut           ####..       1%          1    None
 Gell's Gravitas          Tloc           ####......   1%          3    ##.....
 Yara's Violent Unravell  Hex/Tmut       ####......   16%         5    #####..


Dungeon Overview and Level Annotations

Branches:
Dungeon (11/15)            Temple (0/1) D:7            Lair (4/6) D:10
 Spider (0/4) Lair:2
  Swamp: Lair:2-4    Shoals: Lair:2-4       Orc: D:9-12

Altars:
Dithmenos
Elyvilon
Hepliaklqana
Okawaru
Qazlal
Sif Muna
Vehumet
Xom
The Shining One

Shops:
D:7 [


Innate Abilities, Weirdness & Mutations

Your experience applies equally to all skills.
You have very sharp teeth.
Your uncanny sense of smell can sniff out nearby items.


Message History

You feel sick.
You feel sick.
You feel sick.
You feel sick.
You feel sick.
You feel sick.
You feel sick.
You feel sick.
You feel sick.
You feel sick.
You are no longer poisoned.
Magic restored.
HP restored.
Done exploring.
Done exploring.
You start resting.
HP restored.
You climb downwards.
There is a stone staircase leading up, spattered with blood here.
You butcher the swamp worm corpse.
n - 3 chunks of flesh {@w0}
z - 373 stones (gained 9)
The entropy weaver is too close now for your liking.
Casting: Stone Arrow (safe; 1% risk of failure)
Confirm with . or Enter, or press ? or * to list all spells.
You can't see any susceptible monsters within range! (Use Z to cast anyway.)
The entropy weaver twitches its antennae in your direction.
Casting: Stone Arrow (safe; 1% risk of failure)
Confirm with . or Enter, or press ? or * to list all spells.
Aiming: Stone Arrow (safe; 1% risk of failure)
Press: ? - help, Shift-Dir - straight line, f - entropy weaver
Aim: an entropy weaver, wielding a morningstar of protection and wearing a robe The stone arrow hits the entropy weaver.
Casting: Stone Arrow (safe; 1% risk of failure)
Confirm with . or Enter, or press ? or * to list all spells.
Aiming: Sandblast (safe; 1% risk of failure)
Press: ? - help, Shift-Dir - straight line, f/p - entropy weaver
Aim: an entropy weaver, wielding a morningstar of protection and wearing a robe The blast of sand hits the entropy weaver.
z - 372 stones
Casting: Sandblast (safe; 1% risk of failure)
Confirm with . or Enter, or press ? or * to list all spells.
Aiming: Sandblast (safe; 1% risk of failure)
Press: ? - help, Shift-Dir - straight line, f/p - entropy weaver
Aim: an entropy weaver, wielding a morningstar of protection and wearing a robe The blast of sand hits the entropy weaver.
z - 371 stones You feel very mighty all of a sudden.
The entropy weaver mumbles some strange words.
The entropic weave corrodes you! You block the entropy weaver's attack.
The entropy weaver hits you with a morningstar of protection!
The entropy weaver hits you with a morningstar of protection.
The entropy weaver misses you.
You slash the entropy weaver! Your bite misses the entropy weaver.
The entropy weaver is lightly wounded.
You slash the entropy weaver!
The entropy weaver is moderately wounded.
The entropy weaver hits you but does no damage.
The entropy weaver hits you with a morningstar of protection! x2
The entropy weaver barely misses you.
You slash the entropy weaver!
The entropy weaver is heavily wounded.
The entropy weaver mumbles some strange words.
The entropic weave corrodes you!
You barely miss the entropy weaver.
You bite the entropy weaver, but do no damage.
The entropy weaver is heavily wounded.
The entropy weaver hits you with a morningstar of protection! x2
The entropy weaver hits you with a morningstar of protection.
The entropy weaver hits you but does no damage.
You slice the entropy weaver!!
You bite the entropy weaver, but do no damage.
The entropy weaver is severely wounded.
The entropy weaver hits you but does no damage.
The entropy weaver hits you with a morningstar of protection.
The entropy weaver hits you with a morningstar of protection! x2
You closely miss the entropy weaver.
The entropy weaver is severely wounded.
The entropy weaver barely misses you.
The entropy weaver hits you with a morningstar of protection.
The entropy weaver hits you with a morningstar of protection!
* * * LOW HITPOINT WARNING * * *
The entropy weaver hits you with a morningstar of protection!
* * * LOW HITPOINT WARNING * * *
You miss the entropy weaver.
The entropy weaver is severely wounded.
The entropy weaver mumbles some strange words.
The entropic weave corrodes you!
You barely miss the entropy weaver. Your bite misses the entropy weaver.
The entropy weaver is severely wounded.
The entropy weaver mumbles some strange words.
The entropic weave corrodes you!
You hit the entropy weaver but do no damage.
You bite the entropy weaver, but do no damage.
The entropy weaver is severely wounded.
You block the entropy weaver's attack.
The entropy weaver hits you with a morningstar of protection!
* * * LOW HITPOINT WARNING * * *
The entropy weaver hits you with a morningstar of protection!
You die...

### ..### ....# .....
### ..... ##.# .....
###.## :a... ###
####...P# .....
.#.#####.### #.###.###
..... #.....a@...##
#..#..# ...#.
............# #P....##
#### ...........##
##.....## #
...........## #.......##
............# #........#
......<.....###.........
............P..#.....###
...............#....##
.............#.......#


You could see an entropy weaver.

Vanquished Creatures
  An entropy weaver (Lair:4)
  Fannar (D:11)
  6 hydras
  Pikel (D:8)
  An oklob plant (D:10)
  2 ugly things (D:11)
  A cyclops (D:11)
  A centaur zombie (D:11)
  6 black mambas
  4 elephants (Lair:4)
  A gargoyle (D:11)
  4 spiny frogs
  3 komodo dragons
  A troll (D:11)
  A hornet (D:7)
  16 blink frogs
  2 dream sheep (D:11)
  6 hippogriffs
  A wyvern (D:10)
  34 yaks
  Sigmund (D:2)
  2 basilisks
  5 hungry ghosts
  3 swamp worms (Lair:4)
  16 water moccasins
  8 soldier ants (Lair:4)
  The ghost of Kairos the Chopper, an amateur VSFi (D:3)
  6 porcupines
  2 sky beasts
  2 phantoms
  A black bear (Lair:1)
  4 orc warriors
  An ice beast (D:7)
  2 ogres
  4 centaurs
  11 crocodiles
  6 big kobolds
  14 bullfrogs
  4 scorpions
  14 killer bees
  3 electric eels (D:9)
  8 howler monkeys
  5 crimson imps
  4 jellies
  A bullfrog zombie (D:11)
  5 hounds
  6 orc priests
  2 bullfrog skeletons
  9 orc wizards
  Jessica (D:3)
  4 iguanas
  8 worker ants
  A killer bee zombie (D:9)
  Robin (D:2)
  A howler monkey skeleton (D:8)
  13 adders
  A shadow imp (D:9)
  2 oozes
  5 worms
  A leopard gecko (D:2)
  28 orcs
  5 bats
  8 giant cockroaches
  13 goblins
  10 hobgoblins
  8 jackals
  3 quokkas
  A ball python (D:8)
  25 kobolds
  3 leopard gecko skeletons
  6 rats
  A bush (Lair:1)
  2 fungi
  A plant (D:10)
395 creatures vanquished.

Vanquished Creatures (others)
  4 fungi
4 creatures vanquished.

Grand Total: 399 creatures vanquished

Notes
Turn   | Place    | Note
-------+----------+-------------------------------------------
     0 | D:1      | Mgcat the Gnoll Wanderer began the quest for the Orb.
     0 | D:1      | Mgcat set off with: a +2 scale mail, a +0 hand axe, a potion of lignification {!q}, a ration
     0 | D:1      | Reached XP level 1. HP: 17/17 MP: 1/1
   137 | D:1      | Reached XP level 2. HP: 21/23 MP: 2/2
   270 | D:1      | Reached XP level 3. HP: 28/28 MP: 3/3
   946 | D:2      | Noticed Sigmund
   964 | D:2      | Killed Sigmund
   964 | D:2      | Reached skill level 3 in Fighting
   964 | D:2      | Reached skill level 1 in Short Blades
   964 | D:2      | Reached skill level 1 in Long Blades
   964 | D:2      | Reached skill level 1 in Maces & Flails
   964 | D:2      | Reached skill level 1 in Polearms
   964 | D:2      | Reached skill level 1 in Staves
   964 | D:2      | Reached skill level 1 in Slings
   964 | D:2      | Reached skill level 1 in Bows
   964 | D:2      | Reached skill level 1 in Crossbows
   964 | D:2      | Reached skill level 3 in Throwing
   964 | D:2      | Reached skill level 1 in Dodging
   964 | D:2      | Reached skill level 1 in Shields
   964 | D:2      | Reached skill level 1 in Unarmed Combat
   964 | D:2      | Reached skill level 1 in Spellcasting
   964 | D:2      | Reached skill level 1 in Conjurations
   964 | D:2      | Reached skill level 1 in Hexes
   964 | D:2      | Reached skill level 1 in Charms
   964 | D:2      | Reached skill level 1 in Summonings
   964 | D:2      | Reached skill level 1 in Necromancy
   964 | D:2      | Reached skill level 1 in Translocations
   964 | D:2      | Reached skill level 1 in Transmutations
   964 | D:2      | Reached skill level 1 in Fire Magic
   964 | D:2      | Reached skill level 1 in Ice Magic
   964 | D:2      | Reached skill level 1 in Air Magic
   964 | D:2      | Reached skill level 1 in Earth Magic
   964 | D:2      | Reached skill level 1 in Poison Magic
   964 | D:2      | Reached skill level 1 in Invocations
   964 | D:2      | Reached skill level 1 in Evocations
   964 | D:2      | Reached XP level 4. HP: 25/35 MP: 4/6
   964 | D:2      | Reached XP level 5. HP: 30/41 MP: 4/7
  1704 | D:2      | Noticed Robin
  1716 | D:2      | Killed Robin
  1719 | D:2      | Reached XP level 6. HP: 39/47 MP: 8/8
  1748 | D:2      | Found a deep blue altar of Sif Muna.
  1807 | D:3      | Reached skill level 3 in Stealth
  1807 | D:3      | Reached skill level 2 in Invocations
  1907 | D:3      | Reached skill level 2 in Short Blades
  1907 | D:3      | Reached skill level 2 in Long Blades
  1907 | D:3      | Reached skill level 2 in Maces & Flails
  1907 | D:3      | Reached skill level 2 in Polearms
  1907 | D:3      | Reached skill level 2 in Staves
  1907 | D:3      | Reached skill level 2 in Slings
  1907 | D:3      | Reached skill level 2 in Bows
  1907 | D:3      | Reached skill level 2 in Crossbows
  1907 | D:3      | Reached skill level 2 in Dodging
  1907 | D:3      | Reached skill level 2 in Shields
  1907 | D:3      | Reached skill level 2 in Unarmed Combat
  1907 | D:3      | Reached skill level 2 in Spellcasting
  1907 | D:3      | Reached skill level 2 in Evocations
  1952 | D:3      | Found a radiant altar of Vehumet.
  1969 | D:3      | Noticed Kairos's ghost (amateur VSFi)
  1977 | D:3      | Killed Kairos's ghost
  1986 | D:3      | Found a stormy altar of Qazlal.
  2106 | D:3      | Noticed Jessica
  2124 | D:3      | Killed Jessica
  2124 | D:3      | Reached XP level 7. HP: 37/52 MP: 10/10
  2302 | D:3      | Found a white marble altar of Elyvilon.
  2741 | D:4      | Reached skill level 7 in Armour
  2830 | D:4      | Reached skill level 2 in Conjurations
  2830 | D:4      | Reached skill level 2 in Hexes
  2830 | D:4      | Reached skill level 2 in Charms
  2830 | D:4      | Reached skill level 2 in Summonings
  2830 | D:4      | Reached skill level 2 in Necromancy
  2830 | D:4      | Reached skill level 2 in Translocations
  2830 | D:4      | Reached skill level 2 in Transmutations
  2830 | D:4      | Reached skill level 2 in Fire Magic
  2830 | D:4      | Reached skill level 2 in Ice Magic
  2830 | D:4      | Reached skill level 2 in Air Magic
  2830 | D:4      | Reached skill level 2 in Earth Magic
  2830 | D:4      | Reached skill level 2 in Poison Magic
  3160 | D:4      | Found a shadowy altar of Dithmenos.
  3408 | D:4      | Found a glowing golden altar of the Shining One.
  3575 | D:2      | Became a worshipper of Sif Muna the Loreminder
  3633 | D:5      | Entered Level 5 of the Dungeon
  3846 | D:5      | Found an iron altar of Okawaru.
  4271 | D:5      | Reached skill level 9 in Axes
  4306 | D:5      | Reached skill level 3 in Invocations
  4408 | D:5      | Reached XP level 8. HP: 35/60 MP: 9/12
  4422 | D:5      | HP: 15/60 [poisoned by a water moccasin]
  4428 | D:5      | HP: 13/60 [poisoned by a water moccasin]
  4433 | D:5      | HP: 11/60 [poisoned by a water moccasin]
  4439 | D:5      | HP: 10/60 [poisoned by a water moccasin]
  4447 | D:5      | HP: 9/60 [poisoned by a water moccasin]
  4697 | D:6      | Found a glowing golden altar of the Shining One.
  4813 | D:6      | Reached skill level 4 in Fighting
  4813 | D:6      | Reached skill level 4 in Throwing
  4856 | D:6      | Reached skill level 3 in Short Blades
  4856 | D:6      | Reached skill level 3 in Long Blades
  4856 | D:6      | Reached skill level 3 in Maces & Flails
  4856 | D:6      | Reached skill level 3 in Polearms
  4856 | D:6      | Reached skill level 3 in Staves
  4856 | D:6      | Reached skill level 3 in Slings
  4856 | D:6      | Reached skill level 3 in Bows
  4856 | D:6      | Reached skill level 3 in Crossbows
  4856 | D:6      | Reached skill level 3 in Dodging
  4856 | D:6      | Reached skill level 3 in Shields
  4856 | D:6      | Reached skill level 3 in Unarmed Combat
  4856 | D:6      | Reached skill level 3 in Spellcasting
  4856 | D:6      | Reached skill level 3 in Evocations
  5170 | D:6      | Found a white marble altar of Elyvilon.
  5209 | D:6      | Reached skill level 4 in Stealth
  5797 | D:7      | Found a hazy altar of Hepliaklqana.
  5854 | D:7      | Found Usmechag's Armour Emporium.
  5875 | D:7      | Noticed a hippogriff
  5889 | D:7      | Killed a hippogriff
  5919 | D:7      | Found a staircase to the Ecumenical Temple.
  6002 | D:7      | Reached skill level 4 in Invocations
  6028 | D:7      | Reached skill level 3 in Conjurations
  6028 | D:7      | Reached skill level 3 in Hexes
  6028 | D:7      | Reached skill level 3 in Charms
  6028 | D:7      | Reached skill level 3 in Summonings
  6028 | D:7      | Reached skill level 3 in Necromancy
  6028 | D:7      | Reached skill level 3 in Translocations
  6028 | D:7      | Reached skill level 3 in Transmutations
  6028 | D:7      | Reached skill level 3 in Fire Magic
  6028 | D:7      | Reached skill level 3 in Ice Magic
  6028 | D:7      | Reached skill level 3 in Air Magic
  6028 | D:7      | Reached skill level 3 in Earth Magic
  6028 | D:7      | Reached skill level 3 in Poison Magic
  6065 | D:7      | Reached * piety under Sif Muna
  6065 | D:7      | Reached XP level 9. HP: 45/66 MP: 11/14
  6219 | D:7      | Found a shadowy altar of Dithmenos.
  6344 | D:7      | Noticed a hornet
  6624 | D:7      | Killed a hornet
  6624 | D:7      | Reached skill level 4 in Short Blades
  6624 | D:7      | Reached skill level 4 in Long Blades
  6624 | D:7      | Reached skill level 4 in Maces & Flails
  6624 | D:7      | Reached skill level 4 in Polearms
  6624 | D:7      | Reached skill level 4 in Staves
  6624 | D:7      | Reached skill level 4 in Slings
  6624 | D:7      | Reached skill level 4 in Bows
  6624 | D:7      | Reached skill level 4 in Crossbows
  6624 | D:7      | Reached skill level 4 in Dodging
  6624 | D:7      | Reached skill level 4 in Shields
  6624 | D:7      | Reached skill level 4 in Unarmed Combat
  6624 | D:7      | Reached skill level 4 in Spellcasting
  6624 | D:7      | Reached skill level 4 in Evocations
  6833 | D:8      | Reached skill level 5 in Fighting
  6833 | D:8      | Reached skill level 5 in Throwing
  6893 | D:8      | Noticed Pikel
  6931 | D:8      | Reached skill level 5 in Stealth
  7153 | D:8      | Reached skill level 8 in Armour
  7823 | D:8      | Killed Pikel
  7823 | D:8      | Reached skill level 5 in Invocations
  7823 | D:8      | Reached XP level 10. HP: 61/74 MP: 12/17
  7949 | D:9      | Learned a level 1 spell: Sandblast
  8029 | D:9      | Reached skill level 4 in Conjurations
  8029 | D:9      | Reached skill level 4 in Hexes
  8029 | D:9      | Reached skill level 4 in Charms
  8029 | D:9      | Reached skill level 4 in Summonings
  8029 | D:9      | Reached skill level 4 in Necromancy
  8029 | D:9      | Reached skill level 4 in Translocations
  8029 | D:9      | Reached skill level 4 in Transmutations
  8029 | D:9      | Reached skill level 4 in Fire Magic
  8029 | D:9      | Reached skill level 4 in Ice Magic
  8029 | D:9      | Reached skill level 4 in Air Magic
  8029 | D:9      | Reached skill level 4 in Earth Magic
  8029 | D:9      | Reached skill level 4 in Poison Magic
  8127 | D:9      | Reached ** piety under Sif Muna
  8250 | D:9      | Reached skill level 5 in Short Blades
  8250 | D:9      | Reached skill level 5 in Long Blades
  8250 | D:9      | Reached skill level 5 in Maces & Flails
  8250 | D:9      | Reached skill level 5 in Polearms
  8250 | D:9      | Reached skill level 5 in Staves
  8250 | D:9      | Reached skill level 5 in Slings
  8250 | D:9      | Reached skill level 5 in Bows
  8250 | D:9      | Reached skill level 5 in Crossbows
  8250 | D:9      | Reached skill level 5 in Dodging
  8250 | D:9      | Reached skill level 5 in Shields
  8250 | D:9      | Reached skill level 5 in Unarmed Combat
  8250 | D:9      | Reached skill level 5 in Spellcasting
  8250 | D:9      | Reached skill level 5 in Evocations
  9088 | D:9      | Reached skill level 10 in Axes
  9240 | D:10     | Entered Level 10 of the Dungeon
  9292 | D:10     | Reached skill level 6 in Fighting
  9292 | D:10     | Reached skill level 6 in Throwing
  9320 | D:10     | Reached skill level 6 in Stealth
  9320 | D:10     | Reached skill level 6 in Invocations
  9452 | D:10     | Reached XP level 11. HP: 48/82 MP: 16/19
  9573 | D:10     | Noticed an oklob plant
  9675 | D:10     | HP: 16/82 [acid (7)]
 10083 | D:10     | Found a staircase to the Lair.
 10493 | D:10     | Reached *** piety under Sif Muna
 10493 | D:10     | Reached skill level 9 in Armour
 10509 | D:11     | Reached skill level 6 in Short Blades
 10509 | D:11     | Reached skill level 6 in Long Blades
 10509 | D:11     | Reached skill level 6 in Maces & Flails
 10509 | D:11     | Reached skill level 6 in Polearms
 10509 | D:11     | Reached skill level 6 in Staves
 10509 | D:11     | Reached skill level 6 in Slings
 10509 | D:11     | Reached skill level 6 in Bows
 10509 | D:11     | Reached skill level 6 in Crossbows
 10509 | D:11     | Reached skill level 6 in Dodging
 10509 | D:11     | Reached skill level 6 in Shields
 10509 | D:11     | Reached skill level 6 in Unarmed Combat
 10509 | D:11     | Reached skill level 6 in Spellcasting
 10509 | D:11     | Reached skill level 6 in Evocations
 10662 | D:10     | Reached skill level 5 in Conjurations
 10662 | D:10     | Reached skill level 5 in Hexes
 10662 | D:10     | Reached skill level 5 in Charms
 10662 | D:10     | Reached skill level 5 in Summonings
 10662 | D:10     | Reached skill level 5 in Necromancy
 10662 | D:10     | Reached skill level 5 in Translocations
 10662 | D:10     | Reached skill level 5 in Transmutations
 10662 | D:10     | Reached skill level 5 in Fire Magic
 10662 | D:10     | Reached skill level 5 in Ice Magic
 10662 | D:10     | Reached skill level 5 in Air Magic
 10662 | D:10     | Reached skill level 5 in Earth Magic
 10662 | D:10     | Reached skill level 5 in Poison Magic
 11072 | D:11     | Noticed Fannar
 11129 | D:11     | Found a shimmering altar of Xom.
 11208 | D:11     | HP: 20/83 [yak (3)]
 11225 | D:11     | HP: 15/83 [yak (8)]
 11231 | D:11     | HP: 10/83 [yak (4)]
 11240 | D:11     | HP: 17/83 [yak (7)]
 11592 | D:11     | Reached skill level 7 in Invocations
 11676 | D:11     | Reached skill level 7 in Fighting
 11676 | D:11     | Reached skill level 7 in Throwing
 11708 | D:11     | Killed Fannar
 11708 | D:11     | Reached skill level 7 in Stealth
 12909 | D:11     | Noticed a cyan ugly thing
 12923 | D:11     | HP: 10/84 [cyan ugly thing (12)]
 12926 | D:11     | Killed a cyan ugly thing
 13273 | D:11     | Noticed a brown ugly thing
 13293 | D:11     | Killed a brown ugly thing
 13293 | D:11     | Reached XP level 12. HP: 39/91 MP: 9/22
 13478 | D:11     | Learned a level 3 spell: Stone Arrow
 13482 | D:11     | Learned a level 3 spell: Regeneration
 14076 | D:11     | Noticed a three-headed hydra
 14095 | D:11     | Killed a three-headed hydra
 14095 | D:11     | Reached skill level 7 in Short Blades
 14095 | D:11     | Reached skill level 7 in Long Blades
 14095 | D:11     | Reached skill level 7 in Maces & Flails
 14095 | D:11     | Reached skill level 7 in Polearms
 14095 | D:11     | Reached skill level 7 in Staves
 14095 | D:11     | Reached skill level 7 in Slings
 14095 | D:11     | Reached skill level 7 in Bows
 14095 | D:11     | Reached skill level 7 in Crossbows
 14095 | D:11     | Reached skill level 7 in Dodging
 14095 | D:11     | Reached skill level 7 in Shields
 14095 | D:11     | Reached skill level 7 in Unarmed Combat
 14095 | D:11     | Reached skill level 7 in Spellcasting
 14095 | D:11     | Reached skill level 7 in Evocations
 14719 | Lair:1   | Entered Level 1 of the Lair of Beasts
 14818 | Lair:1   | Reached skill level 11 in Axes
 15024 | Lair:1   | Reached **** piety under Sif Muna
 15072 | Lair:1   | Reached skill level 6 in Conjurations
 15072 | Lair:1   | Reached skill level 6 in Hexes
 15072 | Lair:1   | Reached skill level 6 in Charms
 15072 | Lair:1   | Reached skill level 6 in Summonings
 15072 | Lair:1   | Reached skill level 6 in Necromancy
 15072 | Lair:1   | Reached skill level 6 in Translocations
 15072 | Lair:1   | Reached skill level 6 in Transmutations
 15072 | Lair:1   | Reached skill level 6 in Fire Magic
 15072 | Lair:1   | Reached skill level 6 in Ice Magic
 15072 | Lair:1   | Reached skill level 6 in Air Magic
 15072 | Lair:1   | Reached skill level 6 in Earth Magic
 15072 | Lair:1   | Reached skill level 6 in Poison Magic
 15137 | Lair:1   | Reached skill level 8 in Invocations
 15766 | Lair:1   | HP: 23/92 [spiny frog (9)]
 15782 | Lair:1   | HP: 21/92 [blink frog (5)]
 16268 | Lair:2   | Noticed a seven-headed hydra
 16280 | Lair:2   | Noticed a five-headed hydra
 16281 | Lair:2   | Killed a seven-headed hydra
 16281 | Lair:2   | Reached skill level 8 in Fighting
 16281 | Lair:2   | Reached skill level 8 in Throwing
 16281 | Lair:2   | Reached skill level 10 in Armour
 16286 | Lair:2   | Killed a five-headed hydra
 16286 | Lair:2   | Reached skill level 8 in Stealth
 16618 | Lair:2   | Found a hole to the Spider Nest.
 16731 | Lair:2   | Reached XP level 13. HP: 36/98 MP: 9/24
 16890 | Lair:2   | Reached ***** piety under Sif Muna
 17811 | Lair:3   | Reached skill level 8 in Short Blades
 17811 | Lair:3   | Reached skill level 8 in Long Blades
 17811 | Lair:3   | Reached skill level 8 in Maces & Flails
 17811 | Lair:3   | Reached skill level 8 in Polearms
 17811 | Lair:3   | Reached skill level 8 in Staves
 17811 | Lair:3   | Reached skill level 8 in Slings
 17811 | Lair:3   | Reached skill level 8 in Bows
 17811 | Lair:3   | Reached skill level 8 in Crossbows
 17811 | Lair:3   | Reached skill level 8 in Dodging
 17811 | Lair:3   | Reached skill level 8 in Shields
 17811 | Lair:3   | Reached skill level 8 in Unarmed Combat
 17811 | Lair:3   | Reached skill level 8 in Spellcasting
 17811 | Lair:3   | Reached skill level 8 in Evocations
 18774 | Lair:3   | Identified Sif Muna's Collected Works on the Lucky Snowflakes (Sif Muna gifted it to you on level 3 of the Lair of Beasts)
 18774 | Lair:3   | Received a gift from Sif Muna
 19076 | Lair:4   | Reached skill level 9 in Invocations
 19538 | Lair:4   | Noticed an entropy weaver
 19599 | Lair:4   | Reached skill level 7 in Conjurations
 19599 | Lair:4   | Reached skill level 7 in Hexes
 19599 | Lair:4   | Reached skill level 7 in Charms
 19599 | Lair:4   | Reached skill level 7 in Summonings
 19599 | Lair:4   | Reached skill level 7 in Necromancy
 19599 | Lair:4   | Reached skill level 7 in Translocations
 19599 | Lair:4   | Reached skill level 7 in Transmutations
 19599 | Lair:4   | Reached skill level 7 in Fire Magic
 19599 | Lair:4   | Reached skill level 7 in Ice Magic
 19599 | Lair:4   | Reached skill level 7 in Air Magic
 19599 | Lair:4   | Reached skill level 7 in Earth Magic
 19599 | Lair:4   | Reached skill level 7 in Poison Magic
 19615 | Lair:4   | HP: 22/100 [entropy weaver (9)]
 19617 | Lair:4   | HP: 6/100 [entropy weaver (9)]
 19621 | Lair:4   | Killed an entropy weaver
 19794 | Lair:4   | Noticed an entropy weaver
 19814 | Lair:4   | HP: 20/100 [entropy weaver/morningstar of protection (8)]
 19814 | Lair:4   | HP: 3/100 [entropy weaver/morningstar of protection (17)]
 20185 | Lair:4   | HP: 21/100 [entropy weaver/morningstar of protection (10)]
 20188 | Lair:4   | HP: 1/100 [entropy weaver/morningstar of protection (14)]
 20188 | Lair:4   | Demolished by an entropy weaver

Vault maps used:
D:1:      minmay_arrival_widening_spiral_wide, serial_forest,
          infiniplex_forest_lined_room_3, infiniplex_forest_clump_curved,
          infiniplex_forest_clump_small, infiniplex_forest_clump_medium,
          infiniplex_forest_straight_3, infiniplex_forest_end_2,
          infiniplex_forest_diagonal, hangedman_decor_push
D:2:      lemuel_blue_sif_altar, uniq_robin, uniq_sigmund
D:3:      fiery_altar_vehumet, nicolae_qazlal_general_emergency,
          nicolae_overflow_hidden_temple, kennysheep_generic_room_15,
          uniq_jessica
D:4:      kennysheep_little_box, solitary_fountain, minmay_strange_pillars,
          hangedman_abyss_or_decor_stagger, tso_metal_star
D:5:      lemuel_doored_altar, first_ration, kennysheep_generic_room_8
D:6:      basic_altar, elyvilon_altar_4
D:7:      old_standard_altar, minmay_temple_entry_glassed_door, serial_shops,
          nicolae_shop_crystal, nicolae_dithmenos_the_darkroom
D:8:      uniq_pikel
D:9:      serial_bayou, serial_bayou_lake_a, serial_bayou_lagoon_b,
          serial_bayou_shore_b, serial_bayou_ford_a
D:10:     dpeg_oklobed_lair
D:11:     hangedman_ranch, xom_teletrap_fun, uniq_fannar
Lair:1:   grunt_megastairs_3
Lair:2:   dummy_spider_entry
Lair:4:   nicolae_swamp_entry_splash_gauntlet, zaba_antful_of_joy

Skill      XL: |  1  2  3  4  5  6  7  8  9 10 11 12 13 |
---------------+----------------------------------------+-----
Fighting       | 3 4 5 6 7 8 |  8.9
Short Blades   | 1 2 3 4 5 6 7 8 |  8.4
Long Blades    | 1 2 3 4 5 6 7 8 |  8.4
Maces & Flails | 1 2 3 4 5 6 7 8 |  8.4
Polearms       | 1 2 3 4 5 6 7 8 |  8.4
Staves         | 1 2 3 4 5 6 7 8 |  8.4
Slings         | 1 2 3 4 5 6 7 8 |  8.4
Bows           | 1 2 3 4 5 6 7 8 |  8.4
Crossbows      | 1 2 3 4 5 6 7 8 |  8.4
Throwing       | 3 4 5 6 7 8 |  8.9
Dodging        | 1 2 3 4 5 6 7 8 |  8.4
Shields        | 1 2 3 4 5 6 7 8 |  8.4
Unarmed Combat | 1 2 3 4 5 6 7 8 |  8.4
Spellcasting   | 1 2 3 4 5 6 7 8 |  8.4
Conjurations   | 1 2 3 4 5 6 7 |  7.0
Hexes          | 1 2 3 4 5 6 7 |  7.0
Charms         | 1 2 3 4 5 6 7 |  7.0
Summonings     | 1 2 3 4 5 6 7 |  7.0
Necromancy     | 1 2 3 4 5 6 7 |  7.0
Translocations | 1 2 3 4 5 6 7 |  7.0
Transmutations | 1 2 3 4 5 6 7 |  7.0
Fire Magic     | 1 2 3 4 5 6 7 |  7.0
Ice Magic      | 1 2 3 4 5 6 7 |  7.0
Air Magic      | 1 2 3 4 5 6 7 |  7.0
Earth Magic    | 1 2 3 4 5 6 7 |  7.0
Poison Magic   | 1 2 3 4 5 6 7 |  7.0
Invocations    | 1 2 3 4 5 6 7 8 9 |  9.2
Evocations     | 1 2 3 4 5 6 7 8 |  8.4
Stealth        | 3 4 5 6 7 8 |  8.8
Armour         | 7 8 9 10 | 10.6
Axes           | 9 10 11 | 11.7

Action                   |  1- 3 |  4- 6 |  7- 9 | 10-12 | 13-15 || total
-------------------------+-------+-------+-------+-------+-------++-------
Melee: Hand axe          |    75 |   183 |   408 |   737 |       ||  1403
       Bite              |     5 |    13 |    56 |   184 |    57 ||   315
       Punch             |       |       |     8 |    44 |     2 ||    54
       Unarmed           |       |       |     5 |       |       ||     5
       War axe           |       |       |       |   460 |   406 ||   866
       Whip              |       |       |       |    34 |     4 ||    38
 Cast: Sandblast         |       |       |       |    18 |    19 ||    37
       Stone Arrow       |       |       |       |    29 |    34 ||    63
       Regeneration      |       |       |       |       |     5 ||     5
Evoke: Wand              |       |       |       |     8 |    11 ||    19
  Use: Potion            |     1 |       |     2 |    18 |     7 ||    28
       Scroll            |       |     6 |     9 |     5 |     6 ||    26
 Stab: Sleeping          |       |       |     1 |     4 |     3 ||     8
       Confused          |       |       |     2 |       |       ||     2
       Invisible         |       |       |       |    11 |       ||    11
  Eat: Chunk             |       |     4 |    17 |    24 |     7 ||    52
       Ration            |       |       |     1 |     5 |     2 ||     8
Armor: Scale mail        |    30 |    76 |   139 |   417 |   157 ||   819
       Skin              |    10 |     7 |       |       |       ||    17
Dodge: Dodged            |    22 |    74 |   184 |   734 |   260 ||  1274
Block: Buckler           |       |       |       |       |   112 ||   112

Table legend:
 A = Spawn XP
 B = Non-spawn XP
 C = Spawn XP percentage of total XP
 D = Spawn monster count
 E = Non-spawn monster count
 F = Spawn count percentage of total count
 G = Total turns spent on level
                    A         B        C        D         E        F      G
               +---------+---------+-------+---------+---------+-------+---------
         Total |       0 |   49195 |   0.0 |       0 |     391 |   0.0 | 20188
               +---------+---------+-------+---------+---------+-------+---------
           D:1 |       0 |      48 |   0.0 |       0 |      25 |   0.0 |   926
           D:2 |       0 |     273 |   0.0 |       0 |      29 |   0.0 |   921
           D:3 |       0 |     336 |   0.0 |       0 |      29 |   0.0 |   959
           D:4 |       0 |     187 |   0.0 |       0 |      10 |   0.0 |   969
           D:5 |       0 |     390 |   0.0 |       0 |      10 |   0.0 |  1090
           D:6 |       0 |     414 |   0.0 |       0 |      11 |   0.0 |  1240
           D:7 |       0 |    1494 |   0.0 |       0 |      21 |   0.0 |  1042
           D:8 |       0 |    1548 |   0.0 |       0 |      18 |   0.0 |  1273
           D:9 |       0 |    2042 |   0.0 |       0 |      30 |   0.0 |  1381
          D:10 |       0 |    6471 |   0.0 |       0 |      57 |   0.0 |  2680
          D:11 |       0 |    9258 |   0.0 |       0 |      47 |   0.0 |  2282
        Lair:1 |       0 |    5471 |   0.0 |       0 |      28 |   0.0 |  1484
        Lair:2 |       0 |    6726 |   0.0 |       0 |      23 |   0.0 |  1198
        Lair:3 |       0 |    6174 |   0.0 |       0 |      23 |   0.0 |  1574
        Lair:4 |       0 |    8363 |   0.0 |       0 |      30 |   0.0 |  1169
               +---------+---------+-------+---------+---------+-------+---------

Vault maps used:
D:1:      minmay_arrival_widening_spiral_wide, serial_forest,
          infiniplex_forest_lined_room_3, infiniplex_forest_clump_curved,
          infiniplex_forest_clump_small, infiniplex_forest_clump_medium,
          infiniplex_forest_straight_3, infiniplex_forest_end_2,
          infiniplex_forest_diagonal, hangedman_decor_push
D:2:      lemuel_blue_sif_altar, uniq_robin, uniq_sigmund
D:3:      fiery_altar_vehumet, nicolae_qazlal_general_emergency,
          nicolae_overflow_hidden_temple, kennysheep_generic_room_15,
          uniq_jessica
D:4:      kennysheep_little_box, solitary_fountain, minmay_strange_pillars,
          hangedman_abyss_or_decor_stagger, tso_metal_star
D:5:      lemuel_doored_altar, first_ration, kennysheep_generic_room_8
D:6:      basic_altar, elyvilon_altar_4
D:7:      old_standard_altar, minmay_temple_entry_glassed_door, serial_shops,
          nicolae_shop_crystal, nicolae_dithmenos_the_darkroom
D:8:      uniq_pikel
D:9:      serial_bayou, serial_bayou_lake_a, serial_bayou_lagoon_b,
          serial_bayou_shore_b, serial_bayou_ford_a
D:10:     dpeg_oklobed_lair
D:11:     hangedman_ranch, xom_teletrap_fun, uniq_fannar
Lair:1:   grunt_megastairs_3
Lair:2:   dummy_spider_entry
Lair:4:   nicolae_swamp_entry_splash_gauntlet, zaba_antful_of_joy

Table legend:
 A = Turns spent in this place as a percentage of turns spent in the entire game.
 B = Non-inter-level travel turns spent in this place as a percentage of non-inter-level travel turns spent in the entire game.
 C = Inter-level travel turns spent in this place as a percentage of turns spent in this place.
 D = Turns resting spent in this place as a percentage of non-inter-level travel turns spent in this place.
 E = Turns spent auto-exploring this place as a percentage of non-inter-level travel turns spent in this place.
 F = Non-inter-level travel turns spent in this place divided by the number of levels of this place that you've seen.
                   A       B       C       D       E      F
               +-------+-------+-------+-------+-------+----------------------
         Total | 100.0 | 100.0 |   5.3 |   3.1 |  75.6 | 1274.8
       Dungeon |  73.1 |  72.3 |   6.4 |   3.8 |  76.3 | 1256.0
          Lair |  26.9 |  27.7 |   2.2 |   1.1 |  73.7 | 1326.5
               +-------+-------+-------+-------+-------+----------------------

Table legend:
 A = Kills in this place as a percentage of kills in entire the game.
 B = Kills by you in this place as a percentage of kills by you in the entire game.
 C = Kills by friends in this place as a percentage of kills by friends in the entire game.
 D = Other kills in this place as a percentage of other kills in the entire game.
 E = Experience gained in this place as a percentage of experience gained in the entire game.
 F = Experience gained in this place divided by the number of levels of this place that you have seen.
                   A       B       C       D       E      F
               +-------+-------+-------+-------+-------+----------------------
         Total | 100.0 | 100.0 |   N/A |   N/A | 100.0 | 3279.7
       Dungeon |  73.4 |  73.4 |   N/A |   N/A |  45.7 | 2041.9
          Lair |  26.6 |  26.6 |   N/A |   N/A |  54.3 | 6683.5
               +-------+-------+-------+-------+-------+----------------------
